 Dungeon Crawl Stone Soup version bcrawl-1.37.2 (webtiles) character file.

Game seed: 9483370878046810966

559908 Mehrunes the Soothsayer (level 17, 0/144 HPs)
             Began as a Hill Orc Archaeologist on Nov 9, 2022.
             Was a Priest of Nemelex Xobeh.
             Slain by a nagaraja
             ... wielding a +0 spear
              (10 damage)
             ... on level 3 of the Snake Pit.
             The game lasted 01:11:40 (26269 turns).

Mehrunes the Soothsayer (Hill Orc Archaeologist)   Turns: 26269, Time: 01:11:41

Health: 0/144      AC: 15    Str: 21    XL:     17   Next: 41%
Magic:  31/31      EV:  9    Int: 19    God:    Nemelex Xobeh [***...]
Gold:   1273       SH:  0    Dex: 19    Spells: 16/16 levels left

rFire    . . .     GDR:     30% L - +7 sceptre of Torment {pain, torment}
rCold    + + .     SeeInvis +   N - +5 medium shield
rNeg     + . .     Gourm    .   F - +4 scale mail {rC+}
rPois    +         Faith    .   b - +1 hat {Int+3}
rElec    +         Spirit   .   r - +0 cloak
rCorr    .         Reflect  .   s - +0 pair of gloves "Nemy" {rN+} (curse)
MR       +....                  p - +1 pair of boots
Stlth    ..........             h - amulet "Uxoxich" {Regen rElec rPois Dex+4 SInv}
HPRegen  1.27/turn              K - +6 ring of dexterity
MPRegen  0.22/turn              q - ring of protection from cold

@: confused, lethally poisoned (0 -> -5), constricted, studying 2 skills
A: beak, horns 1, frail 1, poison resistance, strong 1, evolution 1
a: Draw Escape, Draw Destruction, Draw Summoning, Triple Draw, Renounce Religion


You were on level 3 of the Snake Pit.
You worshipped Nemelex Xobeh.
Nemelex Xobeh was most pleased with you.
You were hungry.

You visited 5 branches of the dungeon, and saw 22 of its levels.
You also visited: Gauntlet and Ice Cave.

You collected 2593 gold pieces.
You spent 1320 gold pieces at shops.

Inventory:

Hand Weapons
 d - a +3 hunting sling of velocity
 z - the +2 spear "Meoc" {pierce, *Rage MR+ Dex+3, unknown}
   (You found it on level 2 of the Snake Pit)

   It will always inflict at least some extra damage.
   This minimum extra damage increases with your current reserve of magical
   power.
   It affects your dexterity (+3).
   It affects your resistance to hostile enchantments.
   It may make you go berserk in combat.
 C - a +7 broad axe of electrocution
 L - the +7 sceptre of Torment (weapon) {pain, torment}
   (You bought it in a shop on level 8 of the Dungeon)

   In the hands of one skilled in necromantic magic, it inflicts extra damage on
   living creatures.
 T - a +5 demon whip of electrocution
Armour
 b - a +1 hat of intelligence (worn)
 c - the +0 Maxwell's etheric cage {RegenMP+ *Contam rElec Stlth-}
   (You found it in a Gauntlet)

   It insulates you from electricity.
   It causes magical contamination when unequipped.
   It makes you less stealthy.
 p - a +1 pair of boots (worn)
 r - a +0 cloak (worn)
 s - the cursed +0 pair of gloves "Nemy" (worn) {rN+}
   (You found it in a Gauntlet)

   It protects you from negative energy.
   It has a curse placed upon it.
 F - a +4 scale mail of cold resistance (worn)
 N - a +5 medium shield (worn)
Jewellery
 h - the amulet "Uxoxich" (around neck) {Regen rElec rPois Dex+4 SInv}
   (You acquired it on level 2 of the Dungeon)

   [amulet of regeneration]

   It affects your dexterity (+4).
   It insulates you from electricity.
   It protects you from poison.
   It lets you see invisible.
 j - an uncursed ring of positive energy
 q - a ring of protection from cold (right hand)
 G - an uncursed ring of protection from cold
 H - a +5 amulet of reflection
 K - a +6 ring of dexterity (left hand)
 Q - an uncursed ring of magical power
Wands
 x - a wand of digging (7)
 V - a wand of acid (24)
Scrolls
 g - 6 scrolls of magic mapping
 i - 11 scrolls of identify
 l - 9 scrolls of teleportation
 m - 4 scrolls of amnesia
 u - 18 scrolls of remove curse
 I - 3 scrolls of blinking
 M - a scroll of immolation
 O - 3 scrolls of fear
 R - 2 scrolls of vulnerability
 U - 3 scrolls of fog
 W - 2 scrolls of silence
 Z - a scroll of brand weapon
Potions
 k - a potion of cancellation
 o - 4 potions of lignification
 t - 4 potions of agility
 v - 4 potions of curing
 B - a potion of resistance
 J - a potion of might
 P - 3 potions of flight
 S - 4 potions of haste
Miscellaneous
 a - a phial of floods
 f - 2 phantom mirrors
 n - a fan of gales (2/2)
 y - a sack of spiders
 D - a lamp of fire
Comestibles
 e - 37 rations {!d}


   Skills:
 + Level 16.8 Fighting
   Level 16.8 Short Blades
   Level 16.8 Long Blades
   Level 16.8 Axes
   Level 16.8 Maces & Flails
   Level 16.8 Polearms
   Level 16.8 Staves
 + Level 6.4 Dodging
 - Level 2.6 Stealth
 - Level 15.6 Shields
   Level 16.8 Unarmed Combat
 + Level 20.3 Invocations


You had 16 spell levels left.
You didn't know any spells.
Your spell library contained the following spells:

 Spells                   Type           Power        Failure   Level  Hunger
 Throw Frost              Conj/Ice       #.....       77%         2    ####...
 Freeze                   Ice            #.....       92%         1    None
 Magic Dart               Conj           #...         92%         1    None
 Sandblast                Erth           #.....       92%         1    None
 Static Discharge         Air            #.....       92%         1    None
 Sting                    Conj/Pois      #...         92%         1    None
 Summon Small Mammal      Summ           #...         92%         1    None
 Blink                    Tloc           N/A          98%         2    ####...
 Call Imp                 Summ           #.....       98%         2    ####...
 Passwall                 Tmut/Erth      #.......     98%         2    ####...
 Searing Ray              Conj           #.......     98%         2    ####...
 Shock                    Conj/Air       #......      98%         2    ####...
 Call Canine Familiar     Summ           #.......     100%        3    #####..
 Confuse                  Hex            #.......     100%        3    #####..
 Conjure Flame            Conj/Fire      #.......     100%        3    #####..
 Dazzling Orbs            Conj/Hex       #......      100%        3    #####..
 Iskenderun's Mystic Bla  Conj           #.......     100%        3    #####..
 Mephitic Cloud           Conj/Pois/Air  #.......     100%        3    #####..
 Ozocubu's Armour         Chrm/Ice       #.......     100%        3    #####..
 Spider Form              Tmut/Pois      #..          100%        3    #####..
 Stone Arrow              Conj/Erth      #.....       100%        3    #####..
 Fulminant Prism          Conj/Hex       #.........   100%        4    ######.
 Ice Form                 Ice/Tmut       #.......     100%        4    ######.
 Lightning Bolt           Conj/Air       #.......     100%        4    ######.
 Petrify                  Tmut/Erth      #.........   100%        4    ######.
 Summon Ice Beast         Ice/Summ       #.......     100%        4    ######.
 Throw Icicle             Conj/Ice       #.......     100%        4    ######.
 Yara's Violent Unravell  Hex/Tmut       #.........   100%        4    ######.
 Irradiate                Conj/Tmut      #.........   100%        5    #######
 Lee's Rapid Deconstruct  Erth           #.........   100%        5    #######
 Silence                  Hex/Air        #.........   100%        5    #######
 Summon Lightning Spire   Summ/Air       #.......     100%        5    #######
 Conjure Ball Lightning   Conj/Air       #.........   100%        6    #######
 Virulence                Hex/Pois       #.......     100%        6    #######
 Icicle Burst             Conj/Ice       #.........   100%        7    #######
 Chain Lightning          Conj/Air       #.........   100%        8    #######
 Ignition                 Fire           #.........   100%        8    #######
 Tornado                  Tloc/Air       #.........   100%        8    #######
 Shatter                  Erth           #.........   100%        9    #######


Dungeon Overview and Level Annotations

Branches:
Dungeon (11/12)            Temple (1/1) D:7            Lair (6/6) D:7
  Snake (3/3) Lair:3       Spider (0/3) Lair:3        Slime (0/5) Lair:5
    Orc (1/1) D:10            Elf (0/3) Orc          Vaults (0/3) D:11

Altars:
Ashenzari
Cheibriados
Dithmenos
Elyvilon
Fedhas
Gozag
Hepliaklqana
Kikubaaqudgha
Lugonu
Makhleb
Nemelex Xobeh
Okawaru
Qazlal
Ru
Sif Muna
Trog
Uskayaw
Vehumet
Wu Jian
Xom
Yredelemnul
Zin
The Shining One
Jiyva

Shops:
D:6 }   D:8 (   D:10 (=   D:11 [}}:   Orc %[!*   Snake:3 =}=

Portals:
Abyss: Lair:6

Annotations:
Lair:1 exclusion: oklob plant


Innate Abilities, Weirdness & Mutations

You have a beak for a mouth.
You have a pair of small horns on your head.
You are frail. (-10% HP)
Your system is resistant to poisons. (rPois)
Your muscles are strong. (Str +2)
You evolve.


Message History

The bolt of poison hits you but does no damage.
The bolt of poison hits the naga warrior.
The naga warrior misses you.
* * * LOW HITPOINT WARNING * * *
The naga warrior constricts you.
You bump into the rock wall.
You feel sick. The guardian serpent barely misses you.
The nagaraja hits you with a +0 spear.
* * * LOW HITPOINT WARNING * * *
The guardian serpent gestures with its tail.
The nagaraja spits poison at you. You resist.
The splash of poison hits you but does no damage.
The naga warrior hits you with a +0 flail.
* * * LOW HITPOINT WARNING * * *
x2 The naga warrior constricts you.
You bump into the rock wall.
You feel very sick. The nagaraja hits you with a +0 spear!
You die...
Your body disappears without a glow.

*,,*♣...⌠...♣#...## *
#..*♣.......♣#..## *
#..*♣♣♣♣∩♣♣♣♣#..# ###
#..#* ##.## ##..# #.#
#...* #...# #...# #..
#...* ##).# ##..# #..
#...* #...# #...###..
##..N###...###........
#..NS@N.......).......
########.........###..
#..)###...# #.. ###
#...##....# #..
#.#####..###.#.####..
#...))...............
#..)####....####....#
#..######..######..##
#..##..##..##..##..##


You could see a naga warrior, a nagaraja, a guardian serpent and a naga.

Vanquished Creatures
  A nagaraja (Snake:3)
  Aizul (Snake:3)
  A minotaur (Gauntlet)
  Urug (Lair:2)
  6 naga warriors
  3 hydras
  A vault guard (D:11)
  A rakshasa (D:11)
  9 anacondas
  3 ogre magi (Orc)
  Sonja (Lair:2)
  8 two-headed ogres (Orc)
  3 tengu warriors (D:11)
  2 thrashing horrors (Lair:6)
  11 naga sharpshooters
  11 shock serpents
  An unseen horror (D:9)
  A wizard (Gauntlet)
  15 naga ritualists
  An orb spider (Lair:3)
  12 mana vipers
  2 ugly things
  5 elephants (Lair:4)
  A manticore (D:11)
  An elephant (shapeshifter) (D:11)
  An ice statue (IceCv)
  6 salamanders
  34 black mambas
  8 naga magi
  A guardian serpent (Lair:3)
  2 smoke demons (Lair:6)
  6 cane toads
  A gargoyle (D:11)
  5 rime drakes
  3 komodo dragons
  A flying skull (Gauntlet)
  3 trolls
  An ancient zyme (Lair:6)
  14 polar bears (IceCv)
  Maurice (Orc)
  A queen bee (D:8)
  26 blink frogs
  A harpy skeleton (D:11)
  4 slime creatures
  11 dream sheep (Lair:6)
  A meliai zombie (D:10)
  10 hippogriffs
  Sigmund (D:2)
  2 spriggans (Lair:6)
  2 large abominations (Lair:6)
  A spriggan (shapeshifter) (Lair:6)
  4 wyverns
  59 yaks
  A vampire (D:9)
  2 ynoxinuls (Lair:6)
  10 small abominations (Lair:6)
  3 basilisks
  2 steam dragons
  A chaos spawn (Lair:6)
  23 nagas
  3 wargs
  2 water moccasins
  8 porcupines
  8 crocodiles
  A soldier ant (D:11)
  10 ice beasts
  3 orc warriors
  A phantom (D:8)
  21 ogres
  2 black bears
  A boggart (D:11)
  A blink frog skeleton (D:9)
  30 wolves
  A kobold brigand (D:9)
  8 bullfrogs
  4 centaurs
  A scorpion (D:5)
  18 killer bees
  4 wights (D:8)
  9 orc priests
  2 electric eels (Lair:5)
  4 crimson imps
  5 jellies
  A quasit (D:8)
  A hound (D:4)
  3 gnoll shamans (D:5)
  Ijyb (D:4)
  2 bullfrog skeletons
  5 iguanas
  13 orc wizards
  10 worker ants
  A porcupine skeleton (D:10)
  A hound zombie (D:5)
  A hound skeleton (D:4)
  A worker ant zombie (D:9)
  11 adders
  33 gnolls (D:5)
  5 shadow imps
  A white imp (Gauntlet)
  3 adder zombies
  2 adder skeletons
  A worm (D:2)
  2 dart slugs
  5 leopard geckos
  35 orcs
  2 ball pythons (D:3)
  A giant cockroach (D:3)
  5 goblins
  10 hobgoblins
  16 jackals
  16 kobolds
  A quokka (D:3)
  4 bats
  4 frilled lizards
  2 jackal skeletons
  A quokka skeleton (D:4)
  4 rats
  3 ball lightnings
  4 fungi
  6 plants
718 creatures vanquished.

Vanquished Creatures (collateral kills)
  Vashnia (Snake:3)
  Gastronok (Lair:2)
  A frost giant (IceCv)
  2 naga warriors (Snake:2)
  Harold (Lair:2)
  An ogre mage (Orc)
  An anaconda (Snake:2)
  2 two-headed ogres (Orc)
  2 naga sharpshooters (Snake:2)
  A thrashing horror (Lair:6)
  A shock serpent (Snake:1)
  Nergalle (Lair:2)
  A salamander mystic (Snake:1)
  4 mana vipers
  2 salamanders (Snake:1)
  A naga mage (Snake:2)
  3 black mambas
  A cane toad (Lair:2)
  A rust devil (Gauntlet)
  2 flying skulls (Gauntlet)
  A polar bear (IceCv)
  A hippogriff (Lair:2)
  5 yaks
  A ynoxinul (Gauntlet)
  A large abomination (Lair:6)
  A naga (Snake:1)
  2 water moccasins (Lair:2)
  6 ogres (Orc)
  3 killer bees (D:8)
  2 iron imps (Gauntlet)
  A white imp (Gauntlet)
  A fungus (Lair:2)
55 creatures vanquished.

Vanquished Creatures (others)
  A hydra (Lair:6)
  A mana viper (Snake:1)
  A black mamba (Snake:1)
  A freezing wraith (D:11)
  2 polar bears (IceCv)
  A naga (Snake:2)
  2 wolves (IceCv)
  A killer bee (D:8)
  2 ball lightnings
  A bush (Lair:2)
  A fungus (Lair:3)
  5 plants
19 creatures vanquished.

Grand Total: 792 creatures vanquished

Notes
Turn   | Place    | Note
-------+----------+-------------------------------------------
     0 | D:1      | Mehrunes the Hill Orc Archaeologist began the quest for the
                  | Orb.
     0 | D:1      | Reached XP level 1. HP: 16/16 MP: 1/1
    64 | D:1      | Found an iron altar of Okawaru.
   361 | D:1      | Reached XP level 2. HP: 24/24 MP: 2/2
  1070 | D:2      | Reached XP level 3. HP: 22/30 MP: 3/3
  1427 | D:2      | Noticed Sigmund
  1701 | D:2      | Killed Sigmund
  1702 | D:2      | Reached XP level 4. HP: 41/41 MP: 4/4
  1702 | D:2      | Reached XP level 5. HP: 47/47 MP: 5/5
  1702 | D:2      | Identified a scroll of acquirement
  1712 | D:2      | Identified the amulet "Uxoxich" {Regen rElec rPois Dex+4
                  | SInv} (You acquired it on level 2 of the Dungeon)
  1779 | D:2      | Found a blossoming altar of Fedhas.
  2094 | D:3      | Found a sacrificial altar of Ru.
  2149 | D:3      | Reached XP level 6. HP: 54/55 MP: 6/6
  2176 | D:3      | Reached skill level 5 in Fighting
  2213 | D:3      | Found a white marble altar of Elyvilon.
  2860 | D:3      | Reached XP level 7. HP: 52/63 MP: 7/7
  3185 | D:4      | Found a bloodstained altar of Trog.
  3192 | D:4      | Found an ornate altar of the Wu Jian Council.
  3729 | D:4      | Found a basalt altar of Yredelemnul.
  3766 | D:4      | Found a shimmering altar of Xom.
  4027 | D:4      | Noticed Ijyb
  4041 | D:4      | Killed Ijyb
  4219 | D:5      | Entered Level 5 of the Dungeon
  4265 | D:5      | Reached XP level 8. HP: 72/73 MP: 8/8
  4964 | D:5      | Reached XP level 9. HP: 76/84 MP: 9/9
  5424 | D:5      | Reached skill level 10 in Fighting
  5577 | D:6      | Found a radiant altar of Vehumet.
  5841 | D:6      | Found a shadowy altar of Dithmenos.
  6276 | D:6      | Found Cethraa's Gadget Emporium.
  6507 | D:6      | Found a radiant altar of Vehumet.
  6620 | D:6      | Found a shadowy altar of Dithmenos.
  6946 | D:6      | Found Cethraa's Gadget Emporium.
  7370 | D:7      | Found a staircase to the Lair.
  7424 | D:7      | Noticed a troll
  7439 | D:7      | Killed a troll
  7612 | D:7      | Found a staircase to the Ecumenical Temple.
  7630 | Temple   | Entered the Ecumenical Temple
  7751 | Temple   | Became a worshipper of Nemelex Xobeh the Trickster
  7790 | D:7      | Reached skill level 1 in Invocations
  7829 | D:7      | Received a gift from Nemelex Xobeh
  7933 | D:8      | Reached skill level 2 in Invocations
  8047 | D:8      | Reached XP level 10. HP: 88/96 MP: 11/11
  8065 | D:8      | Reached skill level 1 in Shields
  8099 | D:8      | Found Goc Jom's Weapon Boutique.
  8111 | D:8      | Reached skill level 3 in Invocations
  8123 | D:8      | Identified the +0 quarterstaff of Doom {venom, MR+}
  8148 | D:8      | Reached skill level 4 in Invocations
  8790 | D:9      | Noticed an unseen horror
  8839 | D:9      | You fall into a shaft and drop 1 floor!
  8839 | D:10     | Entered Level 10 of the Dungeon
  8839 | D:10     | Reached * piety under Nemelex Xobeh
  8846 | D:10     | Reached skill level 5 in Invocations
  8913 | D:10     | Found Uviskaeng's Jewellery Boutique.
  9275 | D:9      | Reached skill level 6 in Invocations
  9290 | D:9      | Reached skill level 5 in Shields
  9347 | D:9      | Killed an unseen horror
  9348 | D:9      | Reached skill level 7 in Invocations
  9348 | D:9      | Reached XP level 11. HP: 72/104 MP: 16/16
  9616 | D:9      | Found an iron altar of Okawaru.
  9780 | D:9      | Found a shimmering altar of Xom.
  9967 | D:9      | Reached ** piety under Nemelex Xobeh
 10088 | Lair:1   | Entered Level 1 of the Lair of Beasts
 10176 | Lair:1   | Received a gift from Nemelex Xobeh
 10288 | Lair:1   | Found a snail-covered altar of Cheibriados.
 10288 | Lair:1   | Noticed an oklob plant
 10457 | Lair:1   | Found a frozen archway.
 10484 | Lair:1   | Reached skill level 8 in Invocations
 10550 | IceCv    | Entered an ice cave
 10619 | IceCv    | Received a gift from Nemelex Xobeh
 10791 | IceCv    | Reached skill level 9 in Invocations
 11142 | IceCv    | Reached skill level 10 in Invocations
 11272 | IceCv    | Reached XP level 12. HP: 108/113 MP: 19/19
 11469 | IceCv    | Noticed a frost giant
 11492 | IceCv    | Killed a frost giant
 11493 | IceCv    | Reached skill level 11 in Invocations
 11808 | IceCv    | Gained mutation: You are frail. (-10% HP) [potion of
                  | mutation]
 11808 | IceCv    | Gained mutation: Your system is resistant to poisons.
                  | (rPois) [potion of mutation]
 11808 | IceCv    | Gained mutation: Your spells are a little easier to cast,
                  | but a little less powerful. [potion of mutation]
 11808 | IceCv    | Gained mutation: Your muscles are strong. (Str +2) [potion
                  | of mutation]
 12280 | Lair:2   | Noticed Gastronok
 12319 | Lair:2   | Killed Gastronok
 12320 | Lair:2   | Reached skill level 10 in Shields
 12320 | Lair:2   | Reached skill level 12 in Invocations
 12446 | Lair:2   | Noticed Harold
 12468 | Lair:2   | Killed Harold
 12469 | Lair:2   | Reached XP level 13. HP: 37/109 MP: 22/22
 12559 | Lair:2   | Reached *** piety under Nemelex Xobeh
 12643 | Lair:2   | Noticed Nergalle
 12666 | Lair:2   | Killed Nergalle
 12912 | Lair:2   | Received a gift from Nemelex Xobeh
 13083 | Lair:2   | Noticed Urug
 13096 | Lair:2   | Killed Urug
 13151 | Lair:2   | Noticed Sonja
 13317 | Lair:2   | Killed Sonja
 13859 | Lair:3   | Found a gate leading to a gauntlet.
 13886 | Lair:3   | Reached skill level 13 in Invocations
 13935 | Gauntlet | Entered a Gauntlet
 13935 | Gauntlet | Found a transporter.
 13935 | Gauntlet | Found a transporter.
 13935 | Gauntlet | Received a gift from Nemelex Xobeh
 13955 | Gauntlet | Found a transporter.
 13955 | Gauntlet | Found a transporter.
 13963 | Gauntlet | Found a transporter.
 13974 | Gauntlet | Found a transporter.
 13984 | Gauntlet | Found a transporter.
 13984 | Gauntlet | Found a transporter.
 13988 | Gauntlet | Found a transporter.
 14007 | Gauntlet | Found a transporter.
 14014 | Gauntlet | Found a transporter.
 14032 | Gauntlet | Found a transporter.
 14033 | Gauntlet | Found the +0 Maxwell's etheric cage {RegenMP+ *Contam rElec
                  | Stlth-}
 14069 | Gauntlet | Found a transporter.
 14078 | Gauntlet | Reached **** piety under Nemelex Xobeh
 14090 | Gauntlet | Found a transporter.
 14183 | Gauntlet | Found a transporter.
 14200 | Gauntlet | Found a transporter.
 14442 | Gauntlet | Lost mutation: Your spells are a little easier to cast, but
                  | a little less powerful. [potion of mutation]
 14442 | Gauntlet | Lost mutation: Your muscles are strong. (Str +2) [potion of
                  | mutation]
 14442 | Gauntlet | Gained mutation: You have a beak for a mouth. [potion of
                  | mutation]
 14447 | Gauntlet | Gained mutation: You are very frail. (-20% HP) [mutagenic
                  | glow]
 14636 | Gauntlet | Got a pair of fading gloves
 14642 | Gauntlet | Identified the cursed +0 pair of gloves "Nemy" {rN+} (You
                  | found it in a Gauntlet)
 14815 | Gauntlet | Noticed a minotaur
 14827 | Gauntlet | Killed a minotaur
 14831 | Gauntlet | Identified the Almanac of Weightlessness and Contamination
                  | (You found it in a Gauntlet)
 14918 | Lair:3   | Found a staircase to the Snake Pit.
 14993 | Lair:3   | Received a gift from Nemelex Xobeh
 15199 | Lair:3   | Found a hole to the Spider Nest.
 15376 | Lair:3   | Received a gift from Nemelex Xobeh
 15765 | Snake:1  | Entered Level 1 of the Snake Pit
 15805 | Lair:4   | Reached skill level 14 in Invocations
 16020 | Lair:4   | Reached XP level 14. HP: 96/105 MP: 24/24
 16091 | Lair:4   | Received a gift from Nemelex Xobeh
 16619 | Lair:5   | Reached ***** piety under Nemelex Xobeh
 16702 | Lair:5   | Received a gift from Nemelex Xobeh
 17101 | Lair:5   | Found a staircase to the Slime Pits.
 17101 | Lair:5   | Found a viscous altar of Jiyva.
 17183 | Lair:5   | Received a gift from Nemelex Xobeh
 17498 | Lair:6   | Entered Level 6 of the Lair of Beasts
 17536 | Lair:6   | Reached skill level 15 in Invocations
 17781 | Lair:6   | Received a gift from Nemelex Xobeh
 18008 | Lair:6   | Lost mutation: You are very frail. (-20% HP) [potion of
                  | mutation]
 18008 | Lair:6   | Gained mutation: You evolve. [potion of mutation]
 18008 | Lair:6   | Gained mutation: You have a pair of small horns on your
                  | head. [potion of mutation]
 18442 | Lair:6   | Received a gift from Nemelex Xobeh
 18513 | Lair:6   | Found a corrupted altar of Lugonu.
 18513 | Lair:6   | Found a one-way gate to the infinite horrors of the Abyss.
 18681 | Lair:6   | Reached skill level 15 in Fighting
 19062 | D:10     | Reached skill level 16 in Invocations
 19154 | D:10     | Found a staircase to the Orcish Mines.
 19156 | D:10     | Found Jisomeg's Weapon Shop.
 19239 | D:8      | Bought the +7 sceptre of Torment {pain, torment} for 1320
                  | gold pieces
 19239 | D:8      | Found the +7 sceptre of Torment {pain, torment}
 19715 | D:11     | Reached XP level 15. HP: 126/126 MP: 27/27
 19736 | D:11     | Found Vuraq's Armour Shop.
 19781 | D:11     | Received a gift from Nemelex Xobeh
 19898 | D:11     | Found a gate to the Vaults.
 19966 | D:11     | Found Zammig's Gadget Shoppe.
 19995 | D:11     | Found Mushrej's Gadget Shoppe.
 20055 | D:11     | Found Dosunerch's Book Emporium.
 20339 | Orc      | Entered the Orcish Mines
 20339 | Orc      | Noticed Maurice
 20354 | Orc      | Found a staircase to the Elven Halls.
 20363 | Orc      | Killed Maurice
 20571 | Orc      | Received a gift from Nemelex Xobeh
 20655 | Orc      | Found Irosos's Distillery.
 20655 | Orc      | Found Xaimyup's Assorted Antiques.
 20656 | Orc      | Found Pophuf's Food Shoppe.
 20656 | Orc      | Found Giassuaz's Antique Armour Boutique.
 20683 | Orc      | Reached skill level 17 in Invocations
 21544 | Snake:1  | Received a gift from Nemelex Xobeh
 21675 | Snake:1  | Reached skill level 15 in Shields
 21892 | Snake:1  | Identified the +2 short sword "Kagror" {freeze, rElec}
 22067 | Snake:1  | Reached XP level 16. HP: 134/135 MP: 28/28
 22457 | Snake:2  | Reached skill level 18 in Invocations
 23063 | Snake:2  | Received a gift from Nemelex Xobeh
 23521 | Snake:2  | Got an encrusted spear
 23736 | Snake:2  | Received a gift from Nemelex Xobeh
 23969 | Snake:2  | Gained mutation: Your muscles are strong. (Str +2)
                  | [evolution]
 24145 | Snake:3  | Entered Level 3 of the Snake Pit
 24491 | Snake:2  | Identified the +1 buckler of Eternity {MP+9} (You acquired
                  | it on level 2 of the Snake Pit)
 24491 | Snake:2  | Identified the ring "Luejaem" {Ice Slay+3} (You acquired it
                  | on level 2 of the Snake Pit)
 24680 | Snake:3  | Reached skill level 19 in Invocations
 24775 | Snake:3  | Noticed a nagaraja
 24794 | Snake:3  | Killed a nagaraja
 24795 | Snake:3  | Reached skill level 5 in Dodging
 24936 | Snake:3  | Reached XP level 17. HP: 49/143 MP: 1/30
 24956 | Snake:3  | Noticed Aizul
 25411 | Snake:3  | Noticed Vashnia
 25439 | Snake:3  | Killed Vashnia
 25440 | Snake:3  | Reached skill level 20 in Invocations
 25790 | Snake:3  | Killed Aizul
 25859 | Snake:3  | Found Yxkekuom's Gadget Shoppe.
 25860 | Snake:3  | Found Tuhasech's Jewellery Shop.
 25860 | Snake:3  | Found Kiammyigusk's Jewellery Shop.
 26268 | Snake:3  | HP: 6/144 [naga warrior/+0 flail (4)]
 26269 | Snake:3  | Slain by a nagaraja

Skill      XL: |  1  2  3  4  5  6  7  8  9 10 11 12 13 14 15 16 17 |
---------------+----------------------------------------------------+-----
Fighting       | 2 4 6 7 9 11 12 13 14 15 16 | 16.8
Invocations    | 2 7 10 12 14 16 17 19 20 | 20.3
Shields        | 5 8 10 12 13 15 | 15.6
Dodging        | 5 6 |  6.4
Short Blades   | | 16.8
Long Blades    | | 16.8
Axes           | | 16.8
Maces & Flails | | 16.8
Polearms       | | 16.8
Staves         | | 16.8
Stealth        | |  2.6
Unarmed Combat | | 16.8

Action                   |  1- 3 |  4- 6 |  7- 9 | 10-12 | 13-15 | 16-18 || total
-------------------------+-------+-------+-------+-------+-------+-------++-------
Melee: Whip              |   173 |   125 |       |       |       |       ||   298
       Punch             |     2 |     3 |    23 |       |       |       ||    28
       Dagger            |       |     8 |   396 |   312 |       |       ||   716
       Unarmed           |       |       |     5 |       |       |       ||     5
       Flail             |       |       |   143 |   389 |     3 |       ||   535
       Broad axe         |       |       |       |       |   499 |   219 ||   718
       Trident           |       |       |       |       |    59 |       ||    59
       Peck              |       |       |       |       |   139 |   109 ||   248
       Headbutt          |       |       |       |       |    66 |   114 ||   180
       Eveningstar       |       |       |       |       |   114 |   162 ||   276
       Demon whip        |       |       |       |       |       |    35 ||    35
 Fire: Blowgun           |     3 |       |     3 |       |       |       ||     6
Invok: Deal Four         |       |       |       |       |     4 |     4 ||     8
       Stack Five        |       |       |       |       |     2 |       ||     2
       Triple Draw       |       |       |       |       |     1 |     2 ||     3
 Abil: Draw Destruction  |       |       |       |    17 |    11 |    20 ||    48
       Draw Summoning    |       |       |       |     9 |     7 |     7 ||    23
       Draw Escape       |       |       |       |     3 |     4 |    10 ||    17
       Draw Stack        |       |       |       |       |    10 |       ||    10
Evoke: Wand              |       |       |       |       |       |     1 ||     1
  Use: Scroll            |       |     3 |       |    10 |     4 |    11 ||    28
       Potion            |       |       |     1 |    11 |     4 |     4 ||    20
 Stab: Sleeping          |     2 |     1 |     1 |       |       |       ||     4
       Paralysed         |       |     1 |       |       |       |       ||     1
       Distracted        |       |       |       |       |     1 |       ||     1
       Confused          |       |       |       |       |     1 |       ||     1
       Petrified         |       |       |       |       |       |     4 ||     4
  Eat: Chunk             |     3 |     7 |    22 |    22 |    40 |     9 ||   103
       Ration            |     1 |       |     1 |     1 |     2 |     4 ||     9
Armor: Robe              |    47 |       |       |       |       |       ||    47
       Ring mail         |    30 |    47 |    66 |       |       |       ||   143
       Skin              |       |       |     1 |     9 |       |       ||    10
       Scale mail        |       |       |   160 |   246 |   327 |   161 ||   894
       Plate armour      |       |       |       |   132 |       |       ||   132
Dodge: Dodged            |   104 |    70 |   253 |   252 |   188 |   164 ||  1031
Block: Buckler           |       |       |     2 |   256 |       |       ||   258
       Medium shield     |       |       |       |    17 |   526 |   507 ||  1050
